 Dungeon Crawl Stone Soup version 0.19.3-1-g3169bf9 (webtiles) character file.

301 Clownie the Chopper (level 6, -7/66 HPs)
             Began as a Formicid Gladiator on Jan 26, 2017.
             Killed from afar by a white imp (10 damage)
             ... with a puff of frost
             ... summoned by Eustachio
             ... on level 4 of the Dungeon.
             The game lasted 00:04:06 (2915 turns).

Clownie the Chopper (Formicid Gladiator)            Turns: 2915, Time: 00:04:07

Health: -7/66      AC: 23    Str: 22      XL:     6   Next: 64%
Magic:  6/6        EV:  2    Int:  7      God:
Gold:   135        SH:  0    Dex:  9 (11) Spells: 0 memorised, 5 levels left

rFire  . . .     SeeInvis .     a - +0 war axe
rCold  . . .     Gourm    .     (armour currently unavailable)
rNeg   + + +     Faith    .     (no shield)
rPois  +         Spirit   .     (helmet unavailable)
rElec  .         Reflect  .     (cloak currently unavailable)
rCorr  .         Harm     .     (gloves currently unavailable)
MR     .....                    (boots currently unavailable)
Stlth  +.........               (no amulet)
                                (no ring)
                                (no ring)

@: tree-form
A: permanent stasis, dig shafts and tunnels, four strong arms, (antennae 0)
a: no special abilities


You were on level 4 of the Dungeon.
You were not hungry.
You were a tree.
You visited 1 branch of the dungeon, and saw 4 of its levels.

You collected 135 gold pieces.

Inventory:

Hand Weapons
 a - a +0 war axe (weapon)
Missiles
 c - 3 throwing nets (quivered)
Armour
 b - a +0 leather armour
 h - a +0 chain mail (melded)
 n - a +0 pair of boots (melded)
Scrolls
 f - a scroll of magic mapping
 g - a scroll of remove curse
Potions
 e - a potion of ambrosia
 l - 2 potions of magic {unknown}
 m - a potion of cancellation
 o - a potion of flight {unknown}
 p - a potion of might
Comestibles
 d - 2 bread rations
 j - 2 meat rations
 q - 3 chunks of flesh


   Skills:
 - Level 2.1 Fighting
 + Level 5.5 Axes
 - Level 2.0 Throwing
 + Level 4.3 Armour
 - Level 2.6 Dodging


You had 5 spell levels left.
You didn't know any spells.

Dungeon Overview and Level Annotations

Branches:
Dungeon (4/15)
 Temple: D:4-7

Altars:

Annotations:
D:4 Eustachio


Innate Abilities, Weirdness & Mutations

You are under a permanent stasis effect.
You can dig through walls and to a lower floor.
Your four strong arms can wield two-handed weapons with a shield.
((You have a pair of large antennae on your head. (SInv)))


Message History

The quasit claws you but does no damage.
The quasit claws you.
* * * LOW HITPOINT WARNING * * *
You closely miss Eustachio.
Eustachio is almost dead.
You hit the river rat but do no damage. You closely miss the bat.
You miss the quasit. You closely miss the bat. You barely miss the white imp.
The bat hits you but does no damage. x3
The quasit bites you but does no damage.
The quasit claws you but does no damage. x2
The river rat bites you but does no damage.
The white imp hits you but does no damage.
Eustachio hits you with a falchion.
* * * LOW HITPOINT WARNING * * *
The quasit bites you but does no damage.
The quasit claws you but does no damage. x2
The river rat bites you but does no damage.
The white imp gestures at you. The puff of frost hits you!
You die...

### #.# ########.# #........#
#.######.# #.# #.##############
##.#### #.##...........# ......#
#.##.?.5.b.....# ......#
#.##..b.♣r.....#
......###.##....5@.....##########
......'...##...........'.[.......
......##..##...........########.#
......##..###########.## #.#
......##..##### #.# #.#
########......# #.# #.#
########......# #.# #.#
........>.....# #.# #.#


You could see Eustachio, a quasit, a river rat, a white imp and 2 bats.

Vanquished Creatures
  Blork the orc (D:4)
  A bullfrog (D:3)
  An orc priest (D:3)
  Terence (D:3)
  3 adders
  2 worms
  2 dart slugs
  2 leopard geckos (D:3)
  3 orcs (D:3)
  5 giant cockroaches
  6 goblins
  6 hobgoblins
  9 jackals (D:1)
  4 kobolds
  4 quokkas
  9 bats
  4 frilled lizards
  8 rats
71 creatures vanquished.

Notes
Turn   | Place    | Note
-------+----------+-------------------------------------------
     0 | D:1      | Clownie the Formicid Gladiator began the quest for the Orb.
     0 | D:1      | Reached XP level 1. HP: 16/16 MP: 1/1
   201 | D:1      | Reached XP level 2. HP: 22/22 MP: 2/2
   472 | D:1      | Reached skill level 1 in Armour
   529 | D:1      | Reached XP level 3. HP: 27/27 MP: 3/3
  1242 | D:2      | Reached skill level 4 in Axes
  1484 | D:2      | Reached XP level 4. HP: 23/33 MP: 4/4
  2121 | D:3      | Reached XP level 5. HP: 37/38 MP: 5/5
  2247 | D:3      | Noticed Terence
  2260 | D:3      | Killed Terence
  2321 | D:3      | Noticed a bullfrog
  2328 | D:3      | Killed a bullfrog
  2328 | D:3      | Reached skill level 5 in Axes
  2328 | D:3      | Reached XP level 6. HP: 28/44 MP: 6/6
  2769 | D:4      | Noticed Blork the orc
  2777 | D:4      | Killed Blork the orc
  2871 | D:4      | Noticed Eustachio
  2913 | D:4      | HP: 2/66 [river rat[Eustachio] (5)]
  2915 | D:4      | Killed from afar by a white imp

Skill      XL: |  1  2  3  4  5  6 |
---------------+-------------------+-----
Armour         | 1 2 3 4 |  4.3
Axes           | 4 5 |  5.5
Fighting       | |  2.1
Throwing       | |  2.0
Dodging        | |  2.6

Action                   |  1- 3 |  4- 6 || total
-------------------------+-------+-------++-------
Melee: War axe           |   134 |   196 ||   330
  Use: Potion            |       |     5 ||     5
       Scroll            |       |     6 ||     6
  Eat: Chunk             |     1 |     6 ||     7
Armor: Leather armour    |     6 |       ||     6
       Chain mail        |    83 |   145 ||   228
       Skin              |       |   103 ||   103
Dodge: Dodged            |    82 |   140 ||   222
